 Dungeon Crawl Stone Soup version 0.32-a0-931-g5a2cda0630 (webtiles) character file.

Game seed: 4086288681921249604

84 Biggs the Sneak (level 4, -6/23 HPs)
             Began as a Vine Stalker Brigand on Apr 13, 2024.
             Mangled by Duvessa
             ... wielding a +5 rapier of speed
              (10 damage)
             ... on level 4 of the Dungeon.
             The game lasted 00:04:36 (941 turns).

Biggs the Sneak (Vine Stalker Brigand)               Turns: 941, Time: 00:04:37

Health: -6/23      AC:  6    Str: 13    XL:     4   Next: 46%
Magic:  0/5        EV:  9    Int: 11    God:
Gold:   85         SH:  0    Dex: 18    Spells: 3/3 levels left

rFire   . . .        a - +2 dagger
rCold   . . .        (no shield)
rNeg    . . .        i - +0 ring mail
rPois   .            (no helmet)
rElec   .            c - +0 cloak
rCorr   .            (no gloves)
SInv    .            (no boots)
Will    .....        (no amulet)
Stlth   ++           (no ring)
HPRegen 1.03/turn    (no ring)
MPRegen 0.09/turn

%: guardian spirit
@: no status effects
A: fangs 2, regeneration 1, magic shield, antimagic bite, no potion heal 2
a: no special abilities


You were on level 4 of the Dungeon.
You visited 1 branch of the dungeon, and saw 4 of its levels.

You collected 85 gold pieces.

Inventory:

Hand Weapons
 a - a +2 dagger (weapon)
Missiles
 d - 12 poisoned darts (quivered)
 e - 3 curare-tipped darts
 l - a throwing net
Armour
 b - a +0 robe
 c - a +0 cloak (worn)
 i - a +0 ring mail (worn)
Jewellery
 g - a ring of resist corrosion
Wands
 j - a wand of quicksilver (4)
Scrolls
 h - a scroll of vulnerability {unknown}
 o - a scroll of teleportation {unknown}
Potions
 f - a potion of heal wounds
 k - 2 potions of degeneration {unknown}
 m - a potion of magic {unknown}
 n - 2 potions of curing {unknown}
 p - a potion of might {unknown}
 q - 2 potions of attraction {unknown}


   Skills:
 - Level 1.7 Fighting
 + Level 4.1 Short Blades
 - Level 1.7 Throwing
 - Level 0.7 Dodging
 - Level 4.8 Stealth


You had 3 spell levels left.
You didn't know any spells.
Your spell library was empty.

Dungeon Overview and Level Annotations

Branches:
Dungeon (4/15)
 Temple: D:4-7

Altars:
Makhleb

Annotations:
D:4 Dowan, Duvessa


Innate Abilities, Weirdness & Mutations

You have extremely sharp teeth.
Your natural rate of healing is unusually fast.
When hurt, damage is shared between your health and your magic reserves.
Your bite disrupts and absorbs the magic of your enemies.
Potions cannot restore your health.


Message History

The orc barely misses you.
You hit the orc but do no damage.
The orc is lightly wounded.
The orc hits you but does no damage.
You hit the orc.
The orc is moderately wounded.
The orc barely misses you.
You hit the orc but do no damage. Your bite misses the orc.
The orc is moderately wounded.
You hit the orc. You bite the orc, but do no damage.
The orc is heavily wounded.
The orc hits you but does no damage. Dowan hits you but does no damage.
You hit the orc but do no damage. You bite the orc, but do no damage.
The orc is heavily wounded.
The orc barely misses you. Dowan gestures at you while chanting.
The puff of frost hits you.
You hit the orc. You bite the orc.
You kill the orc!
Dowan hits you but does no damage. Dowan hits you with a +0 dagger.
Things that are here:
a +0 dagger; a +0 leather armour; an orc corpse Duvessa, Sister of Dowan comes into view.
She is wielding a +5 rapier of speed.
Dowan attacks as he pursues you! Dowan hits you with a +0 dagger.
Dowan gestures at something while chanting.
Duvessa shouts!
Duvessa says, "Practise, practise, practise!
One day you'll be as good as me."
Duvessa hits you with a +5 rapier of speed!
Duvessa hits you with a +5 rapier of speed.
Unknown command.
Duvessa attacks as she pursues you! Duvessa barely misses you.
Dowan hits you but does no damage.
Duvessa hits you with a +5 rapier of speed!
* * * LOW HITPOINT WARNING * * *
Unknown command.
Okay, then.
It was a potion of heal wounds.
That seemed strangely inert.
Duvessa hits you with a +5 rapier of speed!
You die...

#
############.###
.............#<#
#ee.####'##
#@...).)..#
#....)....#
#.........#
#...####+##
#...# #...#
#...# #####


You could see Duvessa (fast) and Dowan.

Vanquished Creatures
  A gnoll (D:2)
  2 dart slugs (D:1)
  2 ribbon worms
  3 orcs (D:4)
  9 endoplasms
  A giant cockroach (D:1)
  6 hobgoblins
  5 jackals
  4 quokkas (D:1)
  6 ball pythons
  7 bats
  A frilled lizard (D:3)
  3 goblins
  3 kobolds
  5 rats
58 creatures vanquished.

Notes
Turn   | Place    | Note
-------+----------+-------------------------------------------
     0 | D:1      | Biggs the Vine Stalker Brigand began the quest for the Orb.
     0 | D:1      | Reached XP level 1. HP: 11/11 MP: 2/2
    58 | D:1      | Reached XP level 2. HP: 15/15 MP: 3/3
   217 | D:1      | Reached XP level 3. HP: 18/18 MP: 4/4
   511 | D:2      | Reached XP level 4. HP: 13/23 MP: 2/5
   638 | D:2      | Found a burning altar of Makhleb.
   922 | D:4      | Noticed Dowan
   935 | D:4      | Noticed Duvessa
   941 | D:4      | Mangled by Duvessa

Illustrated notes

Levels and vault maps discovered:
D:1:      saegor_arrival_simple_b, layout_loops_ring, serial_forest,
          infiniplex_forest_clump_diagonal, infiniplex_forest_end_1,
          infiniplex_forest_split, infiniplex_forest_lined_room_,
          infiniplex_forest_clump_large, infiniplex_forest_lined_ring,
          infiniplex_forest_lined_3
D:2:      layout_basic, basic_altar, cheibrodos_gnoll_hut
D:3:      layout_rooms, uniq_natasha
D:4:      layout_basic, uniq_duvessa, uniq_sigmund

Skill      XL: |  1  2  3  4 |
---------------+-------------+-----
Short Blades   | 2 3 4 |  4.1
Fighting       | |  1.7
Throwing       | |  1.7
Dodging        | |  0.7
Stealth        | |  4.8

Action                     |  1- 3 |  4- 6 || total
---------------------------+-------+-------++-------
  Melee: Dagger            |    97 |    47 ||   144
         Bite              |    22 |    11 ||    33
    Use: Potion            |       |     1 ||     1
   Stab: Sleeping          |    11 |     3 ||    14
 Armour: Robe              |    35 |       ||    35
         Ring mail         |    16 |    53 ||    69
  Dodge: Dodged            |    46 |    26 ||    72

Table legend: (Time is in decaauts)
 A = Elapsed time spent in this place.
 B = Non-inter-level travel time spent in this place.
 C = Inter-level travel time spent in this place.
 D = Time resting spent in this place.
 E = Time spent auto-exploring this place.
 F = Levels seen in this place.
 G = Mean time per level.
                   A        B        C        D        E       F      G
               +--------+--------+--------+--------+--------+-----+--------+
         Total |    916 |    916 |      0 |      0 |      0 |   4 |  229.0 |
       Dungeon |    916 |    916 |      0 |      0 |      0 |   4 |  229.0 |
               +--------+--------+--------+--------+--------+-----+--------+

Top non-repeatable levels by time:
     D:2: 377 daAuts
     D:1: 302 daAuts
     D:3: 208 daAuts
     D:4: 27 daAuts
